 Dungeon Crawl Stone Soup version 0.31-a0-810-ga77100ea1a (webtiles) character file.

Game seed: 12743971167572794063

13386 pokeman the Eclecticist (level 11, -3/63 HPs)
             Began as a Deep Elf Hedge Wizard on Sept 20, 2023.
             Slain by a vampire mosquito (4 damage)
             ... on level 10 of the Dungeon on Sept 21, 2023.
             The game lasted 00:30:09 (11500 turns).

pokeman the Eclecticist (Deep Elf Hedge Wizard)    Turns: 11500, Time: 00:30:10

Health: -3/63      AC:  5    Str: 13    XL:     11   Next: 74%
Magic:  14/33      EV: 13    Int: 24    God:
Gold:   822        SH:  0    Dex: 14    Spells: 27/42 levels left

rFire   . . .        r - +2 dagger (venom)
rCold   . . .        (no shield)
rNeg    . . .        H - +2 animal skin
rPois   .            j - +0 helmet
rElec   .            F - scarf {repulsion}
rCorr   .            (no gloves)
SInv    .            (no boots)
Will    ++...        (no amulet)
Stlth   ++           o - ring of willpower
HPRegen 0.30/turn    N - +6 ring of strength
MPRegen 0.23/turn

%: repel missiles
@: on blink cooldown
A: no striking features
a: no special abilities


You were on level 10 of the Dungeon.
You visited 2 branches of the dungeon, and saw 11 of its levels.
You also visited: Ossuary and Bailey.

You collected 822 gold pieces.

Inventory:

Hand Weapons
 a - a +2 dagger of electrocution
 r - a +2 dagger of venom (weapon)
Missiles
 G - a throwing net
Armour
 j - a +0 helmet (worn)
 n - a +1 ring mail of cold resistance
 F - a scarf of repulsion (worn)
 H - a +2 animal skin (worn)
 I - the +1 robe of Vines {NoPotionHeal Regen++++}
   (You found it on level 9 of the Dungeon)

   NoPotionHeal: Its wearer cannot be healed by potions.
   Regen++++: It increases your rate of health regeneration.
 J - +0 acid dragon scales
 K - a scarf of invisibility
Jewellery
 o - a ring of willpower (left hand)
 N - a +6 ring of strength (right hand)
Wands
 k - a wand of charming (3)
 B - a wand of iceblast (15)
 D - a wand of mindburst (13)
 E - a wand of light (7)
Scrolls
 c - 2 scrolls of summoning {unknown}
 f - 12 scrolls of identify {unknown}
 h - 4 scrolls of enchant armour {unknown}
 i - 4 scrolls of enchant weapon {unknown}
 l - 3 scrolls of teleportation {unknown}
 q - 3 scrolls of fog {unknown}
 s - a scroll of silence {unknown}
 v - a scroll of vulnerability {unknown}
 x - 3 scrolls of fear {unknown}
 y - 2 scrolls of revelation {unknown}
 L - a scroll of noise {unknown}
 M - a scroll of blinking {unknown}
Potions
 b - 3 potions of heal wounds {unknown}
 d - 4 potions of magic
 e - 3 potions of degeneration {unknown}
 g - 3 potions of curing {unknown}
 m - a potion of enlightenment {unknown}
 p - 2 potions of lignification {unknown}
 t - a potion of mutation {unknown}
 u - 2 potions of resistance {unknown}
 w - 2 potions of haste {unknown}
 z - a potion of cancellation {unknown}
 A - a potion of berserk rage {unknown}
 C - 2 potions of might {unknown}


   Skills:
 + Level 5.0 Fighting
 - Level 5.0 Armour
 - Level 3.0 Dodging
 - Level 3.0 Stealth
 * Level 16.2 Spellcasting
 + Level 9.6 Conjurations
 - Level 1.1 Summonings
 - Level 1.1 Translocations
 + Level 7.9 Fire Magic
 - Level 1.1 Air Magic
 - Level 1.0 Poison Magic
 - Level 1.1 Evocations


You had 27 spell levels left.
You knew the following spells:

 Your Spells              Type           Power      Damage    Failure   Level
a - Magic Dart            Conj           100%       1d8       1%          1
b - Mephitic Cloud        Conj/Pois/Air  38%        N/A       1%          3
c - Call Imp              Summ           48%        N/A       2%          2
d - Blink                 Tloc           48%        N/A       2%          2
e - Foxfire               Conj/Fire      100%       2x1d9     1%          1
f - Starburst             Conj/Fire      28%        6d9       12%         6

Your spell library contained the following spells:

 Spells                   Type           Power      Damage    Failure   Level
 Apportation              Tloc           48%        N/A       1%          1
 Momentum Strike          Conj/Tloc      90%        3d10      1%          2
 Hailstorm                Conj/Ice       42%        3d10      1%          3
 Slow                     Hex            76%        N/A       2%          1
 Lesser Beckoning         Tloc           48%        N/A       2%          2
 Cigotuvi's Dreadful Rot  Necr/Pois/Air  44%        N/A       3%          2
 Jinxbite                 Hex            38%        N/A       4%          2
 Summon Ice Beast         Ice/Summ       22%        N/A       22%         4
 Alistair's Intoxication  Tmut/Pois      14%        N/A       54%         5
 Plasma Beam              Fire/Air       20%        2x1d32    56%         6
 Simulacrum               Ice/Necr       9%         N/A       99%         6


Dungeon Overview and Level Annotations

Branches:
Dungeon (10/15)            Temple (1/1) D:6            Lair (0/5) D:9
Ossuary (visited)          Bailey (visited)
    Orc: D:9-12

Altars:
Ashenzari
Cheibriados
Dithmenos
Elyvilon
Fedhas
Gozag
Hepliaklqana
Kikubaaqudgha
Makhleb
Nemelex Xobeh
Okawaru
Qazlal
Ru
Sif Muna
Trog
Uskayaw
Wu Jian
Xom
Yredelemnul
Zin
The Shining One

Shops:
D:1 !   D:7 *

Annotations:
D:3 1 runed translucent door, lunkers's ghost, amateur MeSh


Message History

You blink.
Found a stone staircase leading down and a stone staircase leading up.
The vampire mosquito bites you.
* * * LOW HITPOINT WARNING * * *
The vampire mosquito draws strength from your injuries!
A vampire mosquito comes into view.
The vampire mosquito closely misses you.
The vampire mosquito moves out of view.
Casting: Blink (safe; 2% risk of failure)
Confirm with . or Enter, or press ? or * to list all spells.
Casting: Starburst (quite dangerous; 12% risk of failure)
Press: ? - help, Dir - look around, f - activate The bolt of fire misses the vampire mosquito. x2
The bolt of fire hits the troll!!
The troll is severely wounded.
You hear an angry buzzing noise.
The vampire mosquito misses you.
The vampire mosquito closely misses you.
The vampire mosquito bites you.
* * * LOW HITPOINT WARNING * * *
The vampire mosquito draws strength from your injuries!
The vampire mosquito barely misses you.
You hear an angry buzzing noise.
Unknown command.
Casting: Starburst (quite dangerous; 12% risk of failure)
Confirm with . or Enter, or press ? or * to list all spells.
Casting: Starburst (quite dangerous; 12% risk of failure)
Press: ? - help, Dir - look around, f - activate The bolt of fire hits the vampire mosquito!!!
You destroy the vampire mosquito!
The bolt of fire hits the troll!!
You kill the troll!
The bolt of fire misses the vampire mosquito.
You hear an angry buzzing noise.
The vampire mosquito bites you.
* * * LOW HITPOINT WARNING * * *
The vampire mosquito draws strength from your injuries!
A vampire mosquito comes into view.
The vampire mosquito bites you.
You die...

#..........#
#.#######..# #.# #..#
#.#######..#
...........#
#.#######..## . #.#
#..##.#######.y.
#.#######......y......<.
#.........##.†?.@..y>.#
#####.#.####...######.#
#.#.# #.#.# #.#.# # #
..#.. ###'# ... ... ...


You could see 3 vampire mosquitoes.

Vanquished Creatures
  A hydra (D:9)
  2 vault guards (Bailey)
  2 two-headed ogres (D:9)
  An unseen horror (D:10)
  A rime drake (D:9)
  A komodo dragon (D:9)
  A polar bear (D:9)
  3 trolls
  A hornet (D:7)
  Prince Ribbit (D:6)
  A blink frog (Bailey)
  Sigmund (D:2)
  A vampire (D:10)
  2 wyverns (D:9)
  3 yaks (D:8)
  Eustachio (D:6)
  A steam dragon (D:8)
  Grum (D:8)
  5 humans (Bailey)
  2 vampire mosquitoes (D:10)
  Edmund (D:5)
  An acid dragon (D:10)
  A water moccasin (D:8)
  9 ice beasts
  A sky beast (D:7)
  4 orc warriors
  A black bear (D:8)
  7 wolves
  3 centaurs
  A phantom (D:4)
  An ogre (D:7)
  2 gnoll sergeants (D:7)
  12 bullfrogs
  5 scorpions
  14 wights
  4 centaur zombies (Ossuary)
  5 hounds
  An iron imp (D:8)
  3 jellies
  6 orc priests
  6 iguanas
  2 sleepcaps
  12 orc wizards
  6 mummies (Ossuary)
  Robin (D:2)
  14 gnolls
  5 adders
  A white imp (D:7)
  An ufetubus (D:4)
  2 worms
  2 dart slugs
  22 orcs
  13 ball pythons
  14 endoplasms
  3 giant cockroaches
  24 goblins
  16 hobgoblins
  5 jackals
  11 kobolds
  A quokka (D:2)
  8 bats
  5 frilled lizards
  A goblin skeleton (D:8)
  A goblin zombie (D:8)
  4 hobgoblin zombies
  2 kobold skeletons (D:8)
  An orc skeleton (D:8)
  An orc zombie (D:8)
  3 rats
301 creatures vanquished.

Vanquished Creatures (collateral kills)
  Pargi (D:4)
  An orc (D:3)
  14 foxfires (D:7)
16 creatures vanquished.

Vanquished Creatures (others)
  720 foxfires
720 creatures vanquished.

Grand Total: 1037 creatures vanquished

Notes
Turn   | Place    | Note
-------+----------+-------------------------------------------
     0 | D:1      | pokeman the Deep Elf Hedge Wizard began the quest for the
                  | Orb.
     0 | D:1      | Reached XP level 1. HP: 10/10 MP: 7/7
    19 | D:1      | Found Ajybb's Distillery.
   293 | D:1      | Reached XP level 2. HP: 16/16 MP: 2/9
   474 | D:1      | Reached skill level 5 in Spellcasting
   565 | D:1      | Reached XP level 3. HP: 20/20 MP: 4/11
   574 | D:1      | Learned a level 3 spell: Mephitic Cloud
   577 | D:1      | Learned a level 2 spell: Call Imp
   580 | D:1      | Learned a level 2 spell: Blink
  1100 | D:2      | Noticed Sigmund
  1105 | D:2      | Killed Sigmund
  1106 | D:2      | Reached skill level 1 in Fighting
  1106 | D:2      | Reached skill level 1 in Armour
  1106 | D:2      | Reached skill level 6 in Spellcasting
  1106 | D:2      | Reached XP level 4. HP: 26/26 MP: 9/14
  1106 | D:2      | Reached XP level 5. HP: 30/30 MP: 9/15
  1310 | D:2      | Noticed Robin
  1321 | D:2      | Killed Robin
  1993 | D:3      | Found a runed translucent door.
  2226 | D:3      | Found a faded altar of an unknown god.
  2516 | D:3      | Reached XP level 6. HP: 35/35 MP: 15/17
  2628 | D:3      | Found an iron altar of Okawaru.
  2954 | D:3      | Reached skill level 7 in Spellcasting
  3087 | D:3      | Noticed lunkers's ghost (amateur MeSh)
  3278 | D:4      | Noticed Pargi
  3286 | D:4      | Killed Pargi
  3287 | D:4      | Reached skill level 1 in Air Magic
  3287 | D:4      | Reached skill level 1 in Poison Magic
  3287 | D:4      | Reached skill level 1 in Evocations
  3375 | D:4      | Reached XP level 7. HP: 39/39 MP: 14/20
  3446 | D:4      | Found a hide-covered altar of Uskayaw.
  3772 | D:4      | Reached skill level 8 in Spellcasting
  4516 | D:5      | Entered Level 5 of the Dungeon
  4714 | D:5      | Reached skill level 9 in Spellcasting
  4727 | D:5      | Reached XP level 8. HP: 32/44 MP: 20/23
  4794 | D:5      | Noticed Edmund
  4814 | D:5      | Killed Edmund
  4815 | D:5      | Reached skill level 5 in Conjurations
  5112 | D:5      | Learned a level 1 spell: Foxfire
  5140 | D:5      | Found a shadowy altar of Dithmenos.
  5283 | D:6      | Noticed Eustachio
  5287 | D:6      | Reached skill level 10 in Spellcasting
  5292 | D:6      | Found a sand-covered staircase.
  5298 | D:6      | Reached skill level 1 in Fire Magic
  5311 | D:6      | Killed Eustachio
  5318 | Ossuary  | Entered an ossuary
  5826 | D:6      | Found a staircase to the Ecumenical Temple.
  5835 | Temple   | Entered the Ecumenical Temple
  5900 | D:6      | Reached skill level 11 in Spellcasting
  5900 | D:6      | Reached XP level 9. HP: 49/49 MP: 19/26
  5982 | D:6      | Noticed Prince Ribbit
  5989 | D:6      | Killed Prince Ribbit
  6715 | D:7      | Found a bloodstained altar of Trog.
  6721 | D:7      | Got a droning book
  6790 | D:7      | Reached skill level 12 in Spellcasting
  6996 | D:7      | Identified the +5 chain mail of the Elven Halls {rElec MP+9
                  | Str+5 Slay-3}
  7357 | D:7      | Found an opulent altar of Gozag.
  7361 | D:7      | Found Gozag's Platinum Reserve.
  7876 | D:8      | Reached XP level 10. HP: 50/56 MP: 16/28
  7888 | D:8      | Noticed Grum
  7901 | D:8      | Killed Grum
  7902 | D:8      | Reached skill level 13 in Spellcasting
  7904 | D:8      | Reached skill level 5 in Fire Magic
  8165 | D:8      | Found a glowing golden altar of the Shining One.
  8329 | D:8      | Found a hazy altar of Hepliaklqana.
  8528 | D:8      | Found a broken altar of Ashenzari.
  8528 | D:8      | Found an ancient bone altar of Kikubaaqudgha.
  8700 | D:8      | Found a shimmering blue altar of Sif Muna.
  8940 | D:9      | Learned a level 6 spell: Starburst
  9003 | D:9      | Noticed a two-headed ogre
  9013 | D:9      | Killed a two-headed ogre
  9014 | D:9      | Reached skill level 14 in Spellcasting
  9718 | D:9      | Reached XP level 11. HP: 61/61 MP: 26/31
  9804 | D:9      | Found a staircase to the Lair.
  9816 | D:9      | Noticed a two-headed ogre
  9823 | D:9      | Killed a two-headed ogre
  9824 | D:9      | Reached skill level 5 in Armour
 10089 | D:9      | Noticed a seven-headed hydra
 10096 | D:9      | Killed a seven-headed hydra
 10097 | D:9      | Reached skill level 15 in Spellcasting
 10318 | D:9      | Found the +1 robe of Vines {NoPotionHeal Regen++++}
 10514 | D:10     | Entered Level 10 of the Dungeon
 10544 | D:10     | Found an ornate altar of the Wu Jian Council.
 10637 | D:10     | Found a flagged portal.
 10659 | Bailey   | Entered a bailey
 11028 | Bailey   | Noticed a vault guard
 11046 | Bailey   | Killed a vault guard
 11093 | Bailey   | Noticed a vault guard
 11105 | Bailey   | Killed a vault guard
 11106 | Bailey   | Reached skill level 16 in Spellcasting
 11238 | Bailey   | Upgraded the game from 0.31-a0-806-g0bc164a743 to
                  | 0.31-a0-810-ga77100ea1a
 11389 | D:10     | Reached skill level 5 in Fighting
 11500 | D:10     | HP: 1/63 [vampire mosquito (4)]
 11500 | D:10     | Slain by a vampire mosquito

Illustrated notes

Levels and vault maps discovered:
D:1:      kennysheep_arrival_forest, layout_rooms, serial_shops, shop_statue
D:2:      layout_loops_ring, serial_park_tiny_1, uniq_sigmund, uniq_robin
D:3:      minmay_octagon_keep, layout_rooms, okawaru_altar_gauntlet_db,
          ebering_ghost_reflecting_pool, shapermc_ecumenical_altar_mp_highgroup,
          minmay_misc_feat_plants
D:4:      layout_loops_corners, amcnicky_altar_gilded, uniq_pargi
D:5:      layout_rooms, mainiacjoe_overflow_brackets, uniq_edmund
D:6:      layout_basic, minmay_temple_entry_mini_moons, enter_ossuary_5,
          uniq_eustachio, uniq_prince_ribbit1
D:7:      kennysheep_housing_project, layout_loops_ring, trog_book,
          nicolae_gozag_zags_fifth_avenue
D:8:      layout_gridville, kennysheep_orc_sif_temple,
          nicolae_overflow_hidden_temple, nicolae_tso_besieged_by_evil,
          gammafunk_temple_overflow_pools, uniq_grum
D:9:      layout_basic, hellmonk_lair_entry_icy, hellmonk_guarded_unrand_vines
D:10:     lemuel_insect_pit, layout_loops_ring, nicolae_vehumet_altar_sigil,
          nicolae_wu_jian_wuxing_cycle, enter_bailey_5, minmay_nine_imps
Temple:   compressed_dpeg_circular_temple

Skill      XL: |  1  2  3  4  5  6  7  8  9 10 11 |
---------------+----------------------------------+-----
Spellcasting   | 5 6 7 9 11 12 14 16 | 16.2
Fighting       | 1 2 4 5 |  5.0
Armour         | 1 2 3 4 5 |  5.0
Conjurations   | 2 3 4 5 7 8 9 |  9.6
Dodging        | 3 |  3.0
Stealth        | 3 |  3.0
Air Magic      | 1 |  1.1
Poison Magic   | 1 |  1.0
Evocations     | 1 |  1.1
Fire Magic     | 2 4 6 7 |  7.9
Summonings     | |  1.1
Translocations | |  1.1

Action                     |  1- 3 |  4- 6 |  7- 9 | 10-12 || total
---------------------------+-------+-------+-------+-------++-------
  Melee: Short sword       |    11 |       |       |       ||    11
         Dagger            |     3 |    45 |   126 |    71 ||   245
         Punch             |       |       |     5 |     3 ||     8
   Cast: Magic Dart        |    74 |   102 |    74 |    15 ||   265
         Mephitic Cloud    |     1 |     8 |    28 |    22 ||    59
         Call Imp          |       |     2 |       |     1 ||     3
         Foxfire           |       |       |   230 |   175 ||   405
         Blink             |       |       |     1 |     3 ||     4
         Starburst         |       |       |       |    27 ||    27
   Stab: Confused          |     1 |     4 |    17 |     9 ||    31
 Armour: Robe              |    11 |    29 |       |       ||    40
         Troll leather arm |       |     3 |    82 |     4 ||    89
         Animal skin       |       |       |       |    52 ||    52
  Dodge: Dodged            |     5 |    50 |    75 |    71 ||   201

Table legend: (Time is in decaauts)
 A = Elapsed time spent in this place.
 B = Non-inter-level travel time spent in this place.
 C = Inter-level travel time spent in this place.
 D = Time resting spent in this place.
 E = Time spent auto-exploring this place.
 F = Levels seen in this place.
 G = Mean time per level.
                   A        B        C        D        E       F      G
               +--------+--------+--------+--------+--------+-----+--------+
         Total |  11505 |  11346 |    159 |      3 |   9258 |  13 |  885.0 |
       Dungeon |  10562 |  10403 |    159 |      3 |   8527 |  10 | 1056.2 |
        Temple |      1 |      1 |      0 |      0 |      0 |   1 |    1.0 |
       Ossuary |    305 |    305 |      0 |      0 |    238 |   1 |  305.0 |
        Bailey |    635 |    635 |      0 |      0 |    492 |   1 |  635.0 |
               +--------+--------+--------+--------+--------+-----+--------+

Top non-repeatable levels by time:
     D:9: 1592 daAuts
     D:4: 1417 daAuts
     D:7: 1360 daAuts
     D:3: 1162 daAuts
     D:8: 1114 daAuts
     D:1: 978 daAuts
     D:2: 955 daAuts
     D:6: 903 daAuts
     D:5: 724 daAuts
  Bailey: 635 daAuts
    D:10: 353 daAuts
 Ossuary: 305 daAuts
  Temple: 1 daAuts
